 Dungeon Crawl Stone Soup version 0.23-a0-204-g3eb00d1601 (webtiles) character file.

1664352 Finguili the Eclecticist (level 27, 238/238 HPs)
             Began as a Demigod Conjurer on Sept 17, 2018.
             Escaped with the Orb
             ... and 4 runes on Sept 24, 2018!
             The game lasted 11:47:27 (150352 turns).

Finguili the Eclecticist (Demigod Conjurer)       Turns: 150352, Time: 11:47:27

Health: 238/238    AC: 44    Str: 22    XL:     27
Magic:  53/53      EV: 19    Int: 35    God:
Gold:   4972       SH:  8    Dex: 16    Spells: 0/66 levels left

rFire    + + .     SeeInvis +   k - +8 demon blade (freeze)
rCold    + . .     Gourm    .   g - +0 buckler {rF+}
rNeg     + + .     Faith    .   h - +10 pearl dragon scales
rPois    .         Spirit   .   B - +2 helmet {Int+3}
rElec    +         Reflect  +   p - +2 cloak {+Inv}
rCorr    +         Harm     .   P - +0 pair of gloves of Lesser Demons {MR++ rCorr}
MR       ++++.                  V - +2 pair of boots {Fly}
Stlth    ++........             I - +3 amulet of reflection
HPRegen  0.49/turn              M - ring "Golaf" {rF+ rC+ rN+ Str+4 Int-4}
MPRegen  0.33/turn              C - ring "Oruwk" {Wiz rElec Str+5 Int+3 SInv}

@: flying
A: icy blue scales 1, slimy green scales 1, dopey 1, high mp 1
0: Orb of Zot
}: 4/15 runes: decaying, serpentine, slimy, abyssal
a: Evoke Invisibility, Stop Flying


You escaped.
You were not hungry.

You visited 11 branches of the dungeon, and saw 56 of its levels.
You visited the Abyss 4 times.

You collected 9045 gold pieces.
You spent 4073 gold pieces at shops.

Inventory:

Hand Weapons
 k - a +8 demon blade of freezing (weapon)
Armour
 g - a +0 buckler of fire resistance (worn)
 h - +10 pearl dragon scales (worn)
 p - a +2 cloak of invisibility (worn)
 B - a +2 helmet of intelligence (worn)
 P - the +0 pair of gloves of Lesser Demons (worn) {MR++ rCorr}
   (You found it on level 14 of the Dungeon)

   It affects your resistance to hostile enchantments.
   It provides partial protection from all sources of acid and corrosion.
 V - a +2 pair of boots of flying (worn)
Jewellery
 z - the ring "Zom Peg" {rPois rC+ rN+ Int-4}
   (You took it off a spriggan berserker on level 3 of the Depths)

   [ring of positive energy]

   It affects your intelligence (-4).
   It protects you from cold.
   It protects you from poison.
   It protects you from negative energy.
 C - the ring "Oruwk" (right hand) {Wiz rElec Str+5 Int+3 SInv}
   (You took it off a deep elf blademaster on level 3 of the Elven Halls)

   [ring of wizardry]

   It improves your spell success rate.
   It affects your strength (+5).
   It affects your intelligence (+3).
   It insulates you from electricity.
   It lets you see invisible.
 I - a +3 amulet of reflection (around neck)
 L - an uncursed amulet of regeneration
 M - the ring "Golaf" (left hand) {rF+ rC+ rN+ Str+4 Int-4}
   (You took it off a necromancer on level 3 of the Crypt)

   [ring of positive energy]

   It affects your strength (+4).
   It affects your intelligence (-4).
   It protects you from fire.
   It protects you from cold.
   It protects you from negative energy.
Wands
 j - a wand of clouds (4)
 r - a wand of flame (124)
 u - a wand of enslavement (27)
 A - a wand of acid (18)
 O - a wand of iceblast (90)
 T - a wand of disintegration (39)
 W - a wand of digging (12)
 Y - a wand of paralysis (88)
Scrolls
 a - a scroll of enchant weapon
 e - 12 scrolls of immolation
 f - 11 scrolls of fog
 l - 20 scrolls of remove curse
 n - 2 scrolls of amnesia
 q - 7 scrolls of identify
 t - 5 scrolls of fear
 v - 2 scrolls of holy word
 y - 5 scrolls of magic mapping
 D - a scroll of silence
 J - 4 scrolls of teleportation
 K - 2 scrolls of summoning
 X - 4 scrolls of vulnerability
Potions
 i - 6 potions of agility
 m - 3 potions of might
 o - 7 potions of brilliance
 w - 2 potions of haste
 x - a potion of magic
 E - 10 potions of curing
 G - a potion of mutation
 N - 3 potions of invisibility
 S - 4 potions of cancellation
 U - 6 potions of berserk rage
 Z - 3 potions of resistance
Miscellaneous
 s - 3 phantom mirrors
 F - a phial of floods
 H - a lamp of fire
Comestibles
 c - 42 rations


   Skills:
 - Level 18.0 Fighting
 - Level 14.0 Long Blades
   Level 2.5 Staves
 + Level 17.3 Armour
 - Level 14.0 Dodging
 - Level 12.2 Stealth
 - Level 4.0 Shields
 - Level 20.0 Spellcasting
 - Level 18.4 Conjurations
 - Level 6.0 Charms
 - Level 15.1 Summonings
 - Level 9.5 Necromancy
 + Level 14.9 Air Magic
 - Level 5.0 Earth Magic
   Level 4.4 Poison Magic
 - Level 6.0 Evocations


You couldn't memorise any spells.
You knew the following spells:

 Your Spells              Type           Power        Failure   Level  Hunger
a - Orb of Destruction    Conj           ########..   1%          7    None
b - Freezing Cloud        Conj/Ice/Air   #######...   1%          6    None
c - Airstrike             Air            #######...   1%          4    None
d - Deflect Missiles      Chrm/Air       #######...   1%          6    None
e - Bolt of Fire          Conj/Fire      #######...   2%          6    None
f - Fireball              Conj/Fire      #######...   1%          5    None
g - Blink                 Tloc           N/A          1%          2    None
h - Shadow Creatures      Summ           N/A          1%          6    None
i - Regeneration          Chrm/Necr      ######....   1%          3    None
j - Apportation           Tloc           #####.       1%          1    None
k - Borgnjor's Vile Clut  Necr/Erth      ######....   1%          5    None
r - Iron Shot             Conj/Erth      #######...   1%          6    None
s - Spellforged Servitor  Conj/Summ      ########..   1%          7    None
w - Swiftness             Chrm/Air       #######.     1%          2    None

Your spell library contained the following spells:

 Spells                   Type           Power        Failure   Level  Hunger
 Magic Dart               Conj           ####         0%          1    None
 Shock                    Conj/Air       ####         0%          1    None
 Summon Butterflies       Summ           #######.     0%          1    None
 Summon Small Mammal      Summ           ####         0%          1    None
 Call Imp                 Summ           #######.     0%          2    None
 Searing Ray              Conj           ######       0%          2    None
 Call Canine Familiar     Summ           #######.     0%          3    None
 Static Discharge         Conj/Air       ########     0%          3    None
 Iskenderun's Mystic Bla  Conj           ########     0%          4    None
 Animate Skeleton         Necr           N/A          1%          1    None
 Beastly Appendage        Tmut           #####.       1%          1    None
 Confusing Touch          Hex            #####.       1%          1    None
 Corona                   Hex            #####..      1%          1    None
 Flame Tongue             Conj/Fire      #####        1%          1    None
 Freeze                   Ice            ####         1%          1    None
 Pain                     Necr           ####         1%          1    None
 Sandblast                Erth           ######       1%          1    None
 Corpse Rot               Necr           N/A          1%          2    None
 Ensorcelled Hibernation  Hex/Ice        #####.       1%          2    None
 Passwall                 Tmut/Erth      ######..     1%          2    None
 Shroud of Golubria       Chrm/Tloc      ######....   1%          2    None
 Slow                     Hex            #####...     1%          2    None
 Sticks to Snakes         Tmut           #####...     1%          2    None
 Sublimation of Blood     Necr           #######...   1%          2    None
 Throw Flame              Conj/Fire      ######       1%          2    None
 Throw Frost              Conj/Ice       ######       1%          2    None
 Conjure Flame            Conj/Fire      #######.     1%          3    None
 Dazzling Spray           Conj/Hex       ######       1%          3    None
 Ignite Poison            Fire/Tmut/Pois #####...     1%          3    None
 Ozocubu's Armour         Chrm/Ice       ######..     1%          3    None
 Recall                   Summ/Tloc      N/A          1%          3    None
 Spider Form              Tmut/Pois      ######....   1%          3    None
 Stone Arrow              Conj/Erth      ######       1%          3    None
 Summon Guardian Golem    Hex/Summ       ######..     1%          3    None
 Vampiric Draining        Necr           #######...   1%          3    None
 Animate Dead             Necr           N/A          1%          4    None
 Force Lance              Conj/Tloc      #######.     1%          4    None
 Fulminant Prism          Conj/Hex       #######...   1%          4    None
 Sticky Flame             Conj/Fire      #######.     1%          4    None
 Summon Ice Beast         Ice/Summ       ######..     1%          4    None
 Summon Lightning Spire   Summ/Air       #######.     1%          4    None
 Throw Icicle             Conj/Ice       #######.     1%          4    None
 Bolt of Magma            Conj/Fire/Erth ######....   1%          5    None
 Irradiate                Conj/Tmut      #######...   1%          5    None
 Iskenderun's Battlesphe  Conj/Chrm      #######.     1%          5    None
 Lightning Bolt           Conj/Air       ########..   1%          5    None
 Silence                  Hex/Air        ######....   1%          5    None
 Summon Forest            Summ/Tloc      ######....   1%          5    None
 Venom Bolt               Conj/Pois      #######...   1%          5    None
 Conjure Ball Lightning   Conj/Air       ########..   1%          6    None
 Poison Arrow             Conj/Pois      #######...   1%          6    None
 Summon Hydra             Summ           #######...   1%          7    None
 Confuse                  Hex            #####...     2%          3    None
 Gell's Gravitas          Tloc           #####.....   2%          3    None
 Inner Flame              Hex/Fire       #####...     2%          3    None
 Lesser Beckoning         Tloc           #####.....   2%          3    None
 Portal Projectile        Hex/Tloc       #####.       2%          3    None
 Teleport Other           Tloc           #####...     2%          3    None
 Tukima's Dance           Hex            #####...     2%          3    None
 Leda's Liquefaction      Hex/Erth       ######....   2%          4    None
 Petrify                  Tmut/Erth      ######..     2%          4    None
 Lee's Rapid Deconstruct  Erth           ######....   2%          5    None
 Death Channel            Necr           #######...   2%          6    None
 Chain Lightning          Conj/Air       ########..   5%          8    ####...
 Cause Fear               Hex            #####.....   8%          4    None
 Ice Form                 Ice/Tmut       #####...     8%          4    None
 Alistair's Intoxication  Tmut/Pois      ######..     9%          5    None
 Simulacrum               Ice/Necr       ######....   16%         6    None
 Blade Hands              Tmut           #####.....   21%         5    None
 Yara's Violent Unravell  Hex/Tmut       #####.....   21%         5    None
 Statue Form              Tmut/Erth      ######...    38%         6    None
 Lehudib's Crystal Spear  Conj/Erth      #######...   38%         8    ####...
 Darkness                 Hex            #####.....   71%         6    None
 Hydra Form               Tmut           #####.....   71%         6    None
 Invisibility             Hex            #####...     71%         6    None
 Ozocubu's Refrigeration  Ice            #####.....   71%         6    None
 Dragon's Call            Summ           #######...   80%         9    #####..
 Tornado                  Air            #######...   82%         9    #####..
 Ring of Flames           Chrm/Fire      ######....   86%         7    None
 Dragon Form              Tmut           #####.....   99%         7    None
 Discord                  Hex            #####.....   100%        8    ####...
 Ignition                 Fire           #####.....   100%        8    ####...
 Fire Storm               Conj/Fire      #######...   100%        9    #####..
 Glaciate                 Conj/Ice       #######...   100%        9    #####..
 Shatter                  Erth           ######....   100%        9    #####..
 Passage of Golubria      Tloc           Unusable     N/A         4    N/A

Dungeon Overview and Level Annotations

Branches:
Dungeon (15/15)            Temple (0/1) D:4            Lair (6/6) D:9
  Swamp (4/4) Lair:4        Snake (4/4) Lair:3        Slime (5/5) Lair:6
    Orc (2/2) D:11            Elf (3/3) Orc:2        Vaults (4/5) D:14
  Crypt (3/3) Vaults:2       Tomb (0/3) Crypt:3      Depths (5/5) D:15
    Zot (5/5) Depths:5

Shops:
D:5 (   D:6 [   D:7 ?   D:8 %   D:12 (   Orc:2 !%*%   Elf:2 (*[*   Vaults:1 !
Depths:1 (   Depths:3 }=}   Depths:5 %*

Portals:
Hell: Depths:1 Depths:2 Depths:3 Depths:4 Depths:5
Abyss: Depths:4 Depths:5
Pandemonium: Depths:1 Depths:3
Ziggurat: Depths:3
Trove: Depths:1 (give 14 potions of heal wounds)

Annotations:
D:2 1 runed door
D:7 exclusions: troll, two-headed ogre and 1 more exclusion
D:9 1 exclusion
D:13 exclusion: ice statue, Agnes
D:15 1 runed door
Lair:3 Gastronok
Lair:4 exclusions: hydra and 2 oklob plants
Lair:6 exclusions: door and wizard
Swamp:2 exclusion: 2 oklob plants
Slime:5 Royal Jelly
Depths:2 exclusion: downstairs
Zot:1 1 runed door, Siennil's ghost, legendary MfGl


Innate Abilities, Weirdness & Mutations

You have an increased reservoir of magic. (+10% MP)
You are partially covered in icy blue scales. (AC +2)
You are partially covered in slimy green scales. (AC +2)
You are dopey. (Int -2)


Message History

A kobold comes into view. It is wielding a mace.
There is a stone staircase leading up here.
Casting: Iron Shot (safe; 1% risk of failure)
Confirm with . or Enter, or press ? or * to list all spells.
Aiming: Iron Shot (safe; 1% risk of failure)
Press: ? - help, Shift-Dir - straight line, f - kobold
Aim: a kobold, wielding a mace (hasn't noticed you)
The iron shot hits the kobold.
You kill the kobold!
You fly upwards.
There is a stone staircase leading down here.
(D) Dungeon (T) Temple (L) Lair (S) Swamp (P) Snake Pit (M) Slime Pits (O) Orcish Mines (E) Elven Halls (V) Vaults (C) Crypt (W) Tomb (U) Depths (H) Hell (Z) Zot
Where to? (Enter - D:1 @ (x,y), ? - help)
There is an open door here.
Magic restored.
There is a staircase leading out of the dungeon here.
You have escaped!

#.# ####.########.###### ##
#.# #.................# #
##.#####.#######'#######.#
#####
.......#.#.............#.#
#...#
######.#.#.###########.#.#
#.... #.#.#.#.........#.#.#
#...# #.#.#.#.###.###.#.#.#
##.##
#.#.#.#.#.....#.#.#.### #.#
#...#...#..@..#...#...# #.#
###.#.#.#.....#.#.#.#.###.#
#.#.#.#######.#.#.#.....#
#.#.#.........#.#.#.#####
#.#.###########.#.###
#.#.............#.####
#.#######'#######.#..#
#.................##.#
#####.########.#####.#


There were no monsters in sight!

Vanquished Creatures
  5 orbs of fire
  4 ancient liches
  2 juggernauts
  the Lernaean hydra (Swamp:4)
  4 Killer Klowns
  Xtahua (Depths:5)
  4 bone dragons
  7 golden dragons
  A profane servitor (Abyss:3)
  9 liches
  Rupert (D:13)
  3 hellephants
  An electric golem (Zot:2)
  13 tentacled monstrosities
  20 Orb Guardians
  2 titans
  4 quicksilver dragons
  A deep elf blademaster (Elf:3)
  2 deep elf master archers
  11 acid blobs
  4 death cobs
  4 sphinxes
  An ancient champion (Crypt:2)
  An Executioner (Abyss:3)
  3 tengu reavers
  A storm dragon (shapeshifter) (Depths:2)
  6 thorn hunters
  11 tentacled starspawn
  4 shadow dragons
  7 storm dragons
  2 revenants (Crypt:1)
  Kirke (Elf:1)
  10 nagarajas
  An azure jelly (shapeshifter) (Depths:2)
  8 frost giants
  7 azure jellies
  7 fire giants
  3 draconian monks
  An iron dragon (shapeshifter) (Depths:2)
  7 deep elf sorcerers
  3 ghost moths
  A balrug (Abyss:1)
  8 draconian scorchers
  5 draconian knights
  6 iron dragons
  2 orc warlords (Vaults:4)
  6 draconian stormcallers
  3 deep elf elementalists
  4 draconian shifters
  3 ghouls
  8 vault wardens
  6 war gargoyles
  6 draconian annihilators
  12 very ugly things
  17 ironheart preservers
  16 stone giants
  A stone giant (shapeshifter) (Depths:2)
  8 green draconians
  5 deep elf demonologists
  An ophan (Abyss:3)
  11 deep elf annihilators
  4 vampire knights
  2 black draconians
  9 red draconians
  6 lorocyprocas
  3 dire elephants (Zot:4)
  Azrael (D:15)
  7 yellow draconians
  8 deep elf death magi
  11 purple draconians
  6 white draconians
  3 spark wasps
  7 jiangshi
  2 blizzard demons
  A merfolk javelineer (Depths:5)
  8 ettins
  8 death oozes
  4 crystal guardians
  10 fire dragons
  3 deep elf high priests
  12 ogre magi
  13 vault guards
  17 yaktaur captains
  Fannar (D:11)
  10 great orbs of eyes
  5 shambling mangroves
  16 ice dragons
  25 hydras
  7 rakshasas
  Harold (Orc:1)
  2 catoblepae
  3 ghost crabs
  15 starcursed masses
  5 spriggan air magi
  19 naga warriors
  8 anacondas
  13 centaur warriors
  A death yak (shapeshifter) (Depths:2)
  3 death knights
  6 death yaks
  15 deep troll earth magi
  21 dancing weapons
  10 deep troll shamans
  2 hell hogs
  11 alligators
  4 orc high priests
  16 thrashing horrors
  28 two-headed ogres
  6 vampire magi
  12 naga sharpshooters
  5 spriggan berserkers
  A soul eater (Abyss:1)
  Urug (D:13)
  6 tengu warriors
  Sonja (Lair:3)
  19 shock serpents
  Nergalle (D:11)
  3 sun demons
  10 spriggans
  10 hell knights
  13 deep elf knights
  24 skeletal warriors
  2 shadow wraiths
  7 wretched stars
  7 salamander mystics
  3 sixfirhies
  2 iron trolls (Depths:1)
  A fire crab (shapeshifter) (Depths:3)
  A sea snake (shapeshifter) (Abyss:3)
  6 unseen horrors
  A deep troll (shapeshifter) (Vaults:4)
  2 spatial maelstroms
  A death drake (shapeshifter) (Depths:5)
  2 unseen horrors (shapeshifter)
  A torturous demonspawn (Depths:1)
  2 death drakes (Zot:2)
  5 flayed ghosts
  5 glowing orange brains
  11 swamp dragons
  32 deep trolls
  A spriggan druid (Swamp:3)
  7 ironbrand convokers
  3 lindwurms (Snake:4)
  Pikel (D:7)
  13 orc knights
  A wolf spider zombie (Crypt:1)
  11 naga ritualists
  18 deep elf archers
  25 mana vipers
  48 deep elf magi
  3 phantasmal warriors
  8 necromancers
  2 anaconda skeletons
  A harpy (Vaults:3)
  5 wizards
  7 orc sorcerers
  A stone giant zombie (Abyss:3)
  7 cyclopes
  4 wolf spiders
  36 ugly things
  2 fire giant zombies
  3 frost giant zombies
  A wolf spider (shapeshifter) (Depths:2)
  3 manticores
  An iron dragon zombie (Abyss:3)
  14 salamanders
  11 worldbinders
  20 elephants
  17 moths of wrath
  6 apocalypse crabs
  2 human skeletons
  Maurice (D:13)
  A stone giant skeleton (Abyss:3)
  2 iron dragon skeletons
  7 shining eyes
  4 rust devils
  11 vault sentinels
  A fire giant skeleton (Vaults:1)
  13 guardian serpents
  4 eyes of devastation
  23 naga magi
  A water nymph (Abyss:4)
  A titan simulacrum (Abyss:3)
  38 black mambas
  15 smoke demons
  20 spiny frogs
  A torpor snail (Lair:3)
  2 orange demons
  A hellion (Abyss:1)
  A gargoyle (D:12)
  4 efreet
  A shock serpent skeleton (Crypt:2)
  A rime drake (shapeshifter) (Vaults:4)
  A human zombie (Vaults:1)
  2 kobold demonologists (Abyss:2)
  3 centaur skeletons
  2 iron troll zombies (Crypt:2)
  7 rime drakes
  19 ancient zymes
  2 demonic crawlers (Abyss:3)
  47 yaktaurs
  2 ice devils
  14 freezing wraiths
  A tengu conjurer (Depths:3)
  2 red devils
  11 komodo dragons
  7 hellwings
  A jumping spider (shapeshifter) (Vaults:1)
  6 trolls
  A polar bear (shapeshifter) (Vaults:2)
  10 tyrant leeches
  6 polar bears
  37 raiju
  An iron dragon simulacrum (Abyss:1)
  25 hornets
  A queen bee (shapeshifter) (Elf:2)
  5 bog bodies
  A slime creature (shapeshifter) (Depths:3)
  A wolf spider simulacrum (Abyss:3)
  A raiju (shapeshifter) (Depths:3)
  2 dream sheep
  An alligator zombie (Swamp:4)
  A blink frog (shapeshifter) (Vaults:1)
  60 slime creatures
  6 hippogriffs
  5 blink frogs
  2 centaur simulacra
  3 human simulacra
  2 fire giant simulacra
  2 air elementals
  A stone giant simulacrum (Vaults:1)
  21 flying skulls
  2 shadows
  A tarantella (shapeshifter) (Vaults:3)
  A yak (shapeshifter) (Vaults:2)
  A spriggan (shapeshifter) (Depths:1)
  11 water elementals
  6 wyverns
  13 wraiths
  53 yaks
  20 ynoxinuls
  2 golden eyes
  A human (shapeshifter) (Elf:1)
  5 basilisks
  9 humans
  A fire bat (shapeshifter) (D:13)
  3 fire elementals
  A golden eye (shapeshifter) (Abyss:3)
  A hog (shapeshifter) (Depths:1)
  16 chaos spawn
  5 hungry ghosts
  11 vampire mosquitoes
  13 neqoxecs
  A yaktaur simulacrum (Vaults:3)
  34 large abominations
  3 wargs
  A harpy simulacrum (Depths:2)
  10 swamp worms
  2 spatial vortices
  29 insubstantial wisps
  46 nagas
  A spiny frog zombie (Crypt:3)
  3 acid dragons
  5 water moccasins
  A floating eye (shapeshifter) (Depths:5)
  A soldier ant (D:12)
  8 porcupines
  2 floating eyes
  12 hell hounds
  2 phantoms (D:11)
  12 sky beasts
  39 orc warriors
  10 swamp drakes
  2 black bears
  8 necrophages
  28 ogres
  9 wolves
  6 eyes of draining
  2 slaves (D:7)
  12 ice beasts
  7 centaurs
  17 crocodiles
  A manticore skeleton (Crypt:3)
  2 elf simulacra
  A big kobold (shapeshifter) (Vaults:3)
  2 komodo dragon zombies
  A rime drake skeleton (Crypt:1)
  12 bullfrogs
  A gnoll sergeant (D:8)
  A glowing shapeshifter simulacrum (Vaults:1)
  A hornet simulacrum (D:15)
  A scorpion (shapeshifter) (Depths:2)
  A troll zombie (D:11)
  39 small abominations
  A yak zombie (Crypt:2)
  2 scorpions
  8 killer bees
  11 wights
  A howler monkey (D:13)
  6 electric eels
  3 bullfrog zombies
  8 crimson imps
  3 jellies (Lair:6)
  6 quasits
  5 centaur zombies
  3 hounds
  31 orc wizards
  2 bullfrog skeletons
  22 orc priests
  5 iron imps
  Jessica (D:2)
  7 worker ants
  Natasha (thrice) (D:4)
  5 iguanas
  9 hell rats
  A lightning spire (Zot:1)
  7 ogre zombies (D:11)
  An acid dragon skeleton (Crypt:2)
  A deep dwarf skeleton (Crypt:1)
  A felid skeleton (Crypt:1)
  A hound zombie (Crypt:1)
  A tengu skeleton (Crypt:1)
  3 hound skeletons
  A howler monkey zombie (D:7)
  A worker ant zombie (D:6)
  3 gnolls (D:8)
  14 adders
  10 river rats
  6 shadow imps
  7 white imps
  5 ufetubi
  5 oozes
  2 adder skeletons
  5 worms (D:3)
  4 dart slugs
  10 leopard geckos
  83 orcs
  2 ball pythons
  4 giant cockroaches
  4 goblins
  7 hobgoblins
  7 jackals
  4 quokkas
  9 bats
  6 frilled lizards
  2 goblin zombies (D:11)
  3 hobgoblin skeletons
  3 hobgoblin zombies
  3 jackal skeletons
  13 kobolds
  A leopard gecko zombie (D:6)
  4 orc skeletons (D:11)
  14 orc zombies (D:11)
  A quokka skeleton (D:8)
  5 rats
  A fungus (Swamp:2)
  2 plants
  7 starspawn tentacles
2637 creatures vanquished.

Vanquished Creatures (collateral kills)
  the Royal Jelly (Slime:5)
  3 orbs of fire (Zot:5)
  A curse toe (Zot:3)
  A caustic shrike (Depths:3)
  Margery (Crypt:2)
  2 golden dragons (Zot:4)
  A golden dragon (shapeshifter) (Depths:1)
  The ghost of Vigato the Warrior, an adept MiFi of Okawaru (Vaults:3)
  A profane servitor (Abyss:4)
  A Brimstone Fiend (D:15)
  2 bone dragons
  A Tzitzimitl (D:13)
  4 electric golems
  A hellephant (Abyss:1)
  5 tentacled monstrosities
  7 Orb Guardians (Zot:5)
  3 liches
  2 deep elf blademasters
  A deep elf master archer (Elf:3)
  A titan (Depths:3)
  4 death cobs
  6 tentacled starspawn
  The ghost of P0WERM0DE the Orderly, an adept DDFi of Makhleb (Depths:3)
  4 acid blobs (Slime:5)
  5 draconian monks
  6 storm dragons
  2 sphinxes
  A shadow dragon (Depths:4)
  4 tengu reavers
  2 azure jellies (Slime:4)
  An azure jelly (shapeshifter) (Depths:2)
  2 revenants
  2 frost giants
  A cacodemon (Abyss:3)
  4 draconian knights
  4 draconian scorchers
  An orc warlord (Vaults:4)
  A fire giant (Depths:4)
  A draconian shifter (Zot:2)
  An ironheart preserver (Vaults:3)
  4 ghouls
  2 war gargoyles
  A curse skull (Crypt:2)
  2 draconian annihilators (Zot:5)
  5 stone giants
  4 spriggan defenders
  17 very ugly things
  3 black draconians
  2 vampire knights
  5 purple draconians
  2 green draconians
  A dire elephant (Zot:4)
  6 yellow draconians
  3 white draconians
  2 deep elf demonologists
  4 spark wasps
  A crystal guardian (Crypt:3)
  2 ettins
  3 death oozes
  A merfolk javelineer (Depths:3)
  A yaktaur captain (Depths:5)
  8 jiangshi
  3 fire dragons
  A deep elf high priest (Depths:4)
  2 merfolk impalers (Depths:3)
  4 great orbs of eyes
  2 ice dragons
  A vault guard (Vaults:2)
  6 rakshasas
  A hell beast (Depths:1)
  3 shambling mangroves (Swamp:2)
  An ogre mage (Vaults:4)
  2 anacondas (Snake:4)
  A two-headed ogre (Depths:3)
  8 dancing weapons
  3 deep troll shamans
  A tengu warrior (Depths:3)
  2 death knights
  3 orc high priests
  A hell hog (Depths:3)
  A vampire mage (Crypt:1)
  A titan zombie (Abyss:2)
  A shock serpent (Snake:4)
  15 thrashing horrors
  A soul eater (Abyss:3)
  A naga sharpshooter (Snake:4)
  A spriggan berserker (Depths:3)
  A sun demon (Abyss:2)
  10 wretched stars
  A shock serpent (shapeshifter) (Depths:3)
  6 deep elf knights
  3 spatial maelstroms (Abyss:3)
  13 skeletal warriors
  6 iron trolls
  2 sixfirhies
  A glowing orange brain (Depths:1)
  11 hell knights
  2 flayed ghosts
  9 deep trolls
  A wizard (Abyss:1)
  A deep elf archer (Elf:1)
  A shadow dragon zombie (Crypt:3)
  A golden dragon skeleton (Abyss:3)
  A lindwurm (Snake:4)
  2 hornets
  A harpy (shapeshifter) (Depths:3)
  7 necromancers
  A sphinx zombie (Crypt:2)
  A wolf spider zombie (Crypt:1)
  12 deep elf magi
  3 orc knights (Vaults:4)
  9 ugly things
  A frost giant zombie (Crypt:3)
  7 worldbinders
  An orc sorcerer (Elf:1)
  2 moths of wrath
  A guardian serpent (Abyss:2)
  A naga mage (Abyss:1)
  4 orange demons
  3 apocalypse crabs
  11 smoke demons
  An eye of devastation (Abyss:2)
  A spiny frog (Lair:6)
  A hellion (Abyss:2)
  A freezing wraith (Crypt:1)
  An efreet (Abyss:1)
  A ghost moth simulacrum (Abyss:3)
  5 ancient zymes
  3 yaktaurs (Depths:5)
  A tengu conjurer (D:15)
  A white draconian skeleton (Crypt:2)
  5 hellwings
  A harpy zombie (Crypt:3)
  A tyrant leech (Swamp:4)
  A queen bee (shapeshifter) (Abyss:3)
  51 raiju
  2 ice dragon zombies (Crypt:3)
  2 blink frogs
  A bog body (Swamp:2)
  29 slime creatures
  A fire dragon zombie (Crypt:3)
  A hippogriff (Lair:3)
  A harpy skeleton (Abyss:2)
  An air elemental (Elf:3)
  19 flying skulls
  8 ynoxinuls
  A shadow (Crypt:2)
  11 starcursed masses
  3 water elementals
  3 humans
  3 neqoxecs
  A golden eye (Abyss:4)
  4 wraiths
  4 chaos spawn
  2 spatial vortices (Abyss:3)
  3 insubstantial wisps
  29 large abominations
  3 nagas
  6 hell hounds
  A spiny frog zombie (Crypt:3)
  A water moccasin (Lair:6)
  A swamp drake (Swamp:4)
  An eye of draining (Slime:1)
  3 orc warriors
  A fire dragon simulacrum (Abyss:3)
  A hornet zombie (Crypt:1)
  2 necrophages (Crypt:1)
  An ogre (Vaults:2)
  A snapping turtle skeleton (Abyss:3)
  A big kobold (Abyss:3)
  A bullfrog (Lair:6)
  A salamander skeleton (Crypt:2)
  3 quasits
  A jelly (Abyss:2)
  2 iron imps (Abyss:2)
  28 small abominations
  A naga skeleton (Abyss:1)
  A howler monkey skeleton (Crypt:2)
  A steam dragon zombie (Crypt:1)
  6 white imps
  3 ufetubi
  An iguana zombie (Crypt:1)
  5 orcs
  A leopard gecko zombie (Crypt:2)
  A lurking horror (Abyss:3)
  13 starspawn tentacles
671 creatures vanquished.

Vanquished Creatures (others)
  A tengu reaver (Depths:2)
  A fire giant (Vaults:1)
  A draconian knight (Zot:5)
  A vault warden (Vaults:1)
  An ironheart preserver (Vaults:2)
  A draconian stormcaller (Zot:5)
  2 anacondas (Snake:4)
  A naga sharpshooter (Snake:4)
  A deep elf knight (Vaults:2)
  A shock serpent (Snake:4)
  A sixfirhy (Abyss:3)
  A shadow wraith (Abyss:1)
  A swamp dragon (Swamp:4)
  2 deep trolls
  A necromancer (Crypt:3)
  An orc knight (Vaults:4)
  2 deep elf magi
  A moth of wrath (Zot:5)
  An orange demon (Abyss:3)
  A large abomination (Abyss:4)
  An ice devil (Crypt:3)
  A yaktaur (Vaults:1)
  3 hornets (Swamp:2)
  A human (Elf:2)
  4 small abominations
  A hell hound (Depths:3)
  A sky beast (D:7)
  A howler monkey skeleton (D:7)
  A shadow imp (D:15)
  A white imp (Abyss:1)
  An orc (Elf:2)
  A briar patch (Swamp:2)
  A bush (Abyss:3)
  19 fungi
  3 lurking horrors
  A pillar of salt (Elf:1)
  66 plants
  86 starspawn tentacles
216 creatures vanquished.

Grand Total: 3524 creatures vanquished

Notes
Turn   | Place    | Note
-------+----------+-------------------------------------------
     0 | D:1      | Finguili the Demigod Conjurer began the quest for the Orb.
     0 | D:1      | Reached XP level 1. HP: 14/14 MP: 5/5
   267 | D:1      | Reached skill level 2 in Spellcasting
   367 | D:1      | Reached XP level 2. HP: 19/20 MP: 4/7
  1051 | D:2      | Reached XP level 3. HP: 25/26 MP: 5/9
  1055 | D:2      | Learned a level 2 spell: Searing Ray
  1059 | D:2      | Learned a level 3 spell: Dazzling Spray
  1420 | D:2      | Reached XP level 4. HP: 19/33 MP: 0/10
  1623 | D:2      | Noticed Jessica
  1627 | D:2      | Killed Jessica
  1627 | D:2      | Reached skill level 5 in Conjurations
  1811 | D:2      | Found a runed door.
  2181 | D:3      | Reached skill level 3 in Spellcasting
  2181 | D:3      | Reached XP level 5. HP: 38/38 MP: 4/12
  2284 | D:3      | Found a deep blue altar of Sif Muna.
  2284 | D:3      | Found a hide-covered altar of Uskayaw.
  2493 | D:3      | You fall through a shaft!
  2551 | D:4      | Noticed Natasha
  2555 | D:4      | Killed Natasha
  2600 | D:4      | Noticed Natasha
  2603 | D:4      | Killed Natasha
  2766 | D:4      | Noticed Natasha
  2775 | D:4      | Killed Natasha
  2887 | D:4      | Found a staircase to the Ecumenical Temple.
  3245 | D:3      | Learned a level 4 spell: Iskenderun's Mystic Blast
  3256 | D:3      | Reached XP level 6. HP: 45/45 MP: 9/14
  3281 | D:3      | Found a hazy altar of Hepliaklqana.
  3281 | D:3      | Found a basalt altar of Yredelemnul.
  3283 | D:3      | Found a snail-covered altar of Cheibriados.
  3995 | D:5      | Entered Level 5 of the Dungeon
  4044 | D:5      | Found a white marble altar of Elyvilon.
  4114 | D:5      | Found Akikket's Antique Weapon Emporium.
  4712 | D:5      | Reached skill level 4 in Spellcasting
  4900 | D:6      | Reached XP level 7. HP: 30/50 MP: 4/16
  5759 | D:6      | Found Jenuag's Armour Shop.
  5765 | D:6      | Bought a +2 helmet of intelligence for 258 gold pieces
  5935 | D:7      | Found a stormy altar of Qazlal.
  5962 | D:7      | Noticed a two-headed ogre
  6014 | D:7      | Reached skill level 5 in Spellcasting
  6080 | D:7      | Reached XP level 8. HP: 58/58 MP: 15/19
  6087 | D:7      | Found a blossoming altar of Fedhas.
  6155 | D:7      | Noticed Pikel
  6174 | D:7      | Killed Pikel
  6174 | D:7      | Reached skill level 6 in Spellcasting
  6303 | D:7      | Found Edem's Magic Scroll Shop.
  6309 | D:7      | Bought a scroll of immolation for 42 gold pieces
  6812 | D:7      | Noticed a troll
  7290 | D:8      | Found Japageof's Food Emporium.
  7714 | D:8      | Found a radiant altar of Vehumet.
  8046 | D:8      | Reached skill level 7 in Spellcasting
  8205 | D:8      | Found a glowing silver altar of Zin.
  8205 | D:8      | Found an opulent altar of Gozag.
  8289 | D:8      | Reached XP level 9. HP: 71/71 MP: 18/24
  8484 | D:9      | Reached skill level 1 in Evocations
  8844 | D:9      | Found a burning altar of Makhleb.
  8850 | D:9      | Found a shimmering altar of Xom.
  9235 | D:9      | Reached skill level 5 in Fighting
  9688 | D:9      | Reached skill level 5 in Evocations
  9889 | D:9      | Noticed a komodo dragon
  9915 | D:9      | Killed a komodo dragon
  9980 | D:9      | Noticed a komodo dragon
  9997 | D:9      | Killed a komodo dragon
 10160 | D:9      | Reached XP level 10. HP: 83/83 MP: 3/25
 10424 | D:9      | Found a staircase to the Lair.
 10539 | D:10     | Entered Level 10 of the Dungeon
 10566 | D:10     | Noticed a catoblepas
 10699 | D:10     | Found a deep blue altar of Sif Muna.
 10884 | D:10     | Noticed a two-headed ogre
 10915 | D:10     | Killed a two-headed ogre
 10915 | D:10     | Reached skill level 8 in Spellcasting
 11059 | D:10     | Killed a catoblepas
 11351 | D:10     | Noticed a manticore
 11393 | D:10     | Killed a manticore
 11936 | D:10     | Reached skill level 9 in Spellcasting
 13218 | D:11     | Noticed a cyclops
 13222 | D:10     | Reached XP level 11. HP: 74/94 MP: 5/28
 13754 | D:11     | Found a staircase to the Orcish Mines.
 14221 | D:11     | Noticed Nergalle
 14222 | D:11     | Noticed Fannar
 14821 | Lair:1   | Entered Level 1 of the Lair of Beasts
 14822 | Lair:1   | Upgraded the game from 0.23-a0-175-g97aacdb306 to
                  | 0.23-a0-180-ga5275e7ff7
 15236 | Lair:1   | Reached skill level 5 in Dodging
 17174 | Lair:2   | Reached skill level 10 in Conjurations
 17377 | Lair:2   | Noticed an eight-headed hydra
 17432 | Lair:2   | Killed an eight-headed hydra
 18674 | Lair:3   | Reached XP level 12. HP: 66/102 MP: 1/29
 18971 | Lair:3   | Noticed Gastronok
 19013 | Lair:3   | Found a staircase to the Snake Pit.
 19546 | Lair:3   | Learned a level 5 spell: Venom Bolt
 19722 | Lair:3   | Reached skill level 1 in Poison Magic
 19864 | Lair:3   | Noticed Sonja
 20187 | Lair:3   | Killed Sonja
 21557 | Lair:4   | Noticed a seven-headed hydra
 21973 | Lair:4   | Found an iron altar of Okawaru.
 22832 | Lair:4   | Found a staircase to the Swamp.
 23528 | Lair:5   | Reached skill level 10 in Spellcasting
 23764 | Lair:4   | Reached XP level 13. HP: 83/107 MP: 18/31
 25340 | Lair:6   | Entered Level 6 of the Lair of Beasts
 25349 | Lair:6   | Learned a level 7 spell: Orb of Destruction
 25586 | Lair:6   | Found a staircase to the Slime Pits.
 28627 | D:11     | Killed Nergalle
 28627 | D:11     | Reached skill level 11 in Spellcasting
 29048 | D:12     | Found Fuliazia's Weapon Shop.
 30757 | D:11     | Reached XP level 14. HP: 68/115 MP: 3/34
 31044 | D:12     | Reached skill level 15 in Conjurations
 31622 | D:11     | Killed Fannar
 32394 | Orc:1    | Entered Level 1 of the Orcish Mines
 32394 | Orc:1    | Noticed Harold
 32401 | Orc:1    | Killed Harold
 32943 | Orc:2    | Entered Level 2 of the Orcish Mines
 33895 | Orc:2    | Found a staircase to the Elven Halls.
 34890 | Orc:2    | Found Odaid's Food Shop.
 34890 | Orc:2    | Found Xihex's General Store.
 34896 | Orc:2    | Found Owownirap's Distillery.
 34896 | Orc:2    | Found Kimodgh's Food Shop.
 34902 | Orc:2    | Bought a scroll of teleportation for 39 gold pieces
 34904 | Orc:2    | Bought a potion of lignification for 54 gold pieces
 34904 | Orc:2    | Bought a potion of mutation for 144 gold pieces
 34904 | Orc:2    | Bought a potion of cancellation for 144 gold pieces
 35047 | Orc:1    | Found a bloodstained altar of Trog.
 35469 | D:7      | Bought a scroll of identify for 24 gold pieces
 35469 | D:7      | Bought a scroll of identify for 24 gold pieces
 35469 | D:7      | Bought a scroll of identify for 24 gold pieces
 35469 | D:7      | Bought a scroll of identify for 24 gold pieces
 35469 | D:7      | Bought a scroll of identify for 24 gold pieces
 35469 | D:7      | Bought a scroll of identify for 24 gold pieces
 35968 | D:13     | Reached skill level 12 in Spellcasting
 36145 | D:13     | Noticed Urug
 36563 | D:13     | Killed Urug
 37259 | D:13     | Noticed Maurice
 37518 | D:13     | Killed Maurice
 37915 | D:13     | Noticed Rupert
 37937 | D:13     | Killed Rupert
 38767 | D:14     | Noticed Agnes
 39233 | D:14     | Found a glowing golden altar of the Shining One.
 40305 | D:14     | Reached XP level 15. HP: 82/121 MP: 5/36
 40993 | D:14     | Found a gate to the Vaults.
 41079 | D:14     | Got a pair of warped gloves
 41085 | D:14     | Identified the cursed +0 pair of gloves of Lesser Demons
                  | {MR++ rCorr} (You found it on level 14 of the Dungeon)
 41670 | D:15     | Entered Level 15 of the Dungeon
 41670 | D:15     | Noticed Azrael
 41725 | D:15     | Reached skill level 13 in Spellcasting
 42163 | D:15     | Noticed a fire giant
 42175 | D:15     | Found a staircase to the Depths.
 42185 | D:15     | Killed a fire giant
 43577 | D:15     | Found a glowing silver altar of Zin.
 43578 | D:15     | Found a runed door.
 43803 | D:15     | Killed Azrael
 44757 | Swamp:1  | Entered Level 1 of the Swamp
 45077 | Lair:4   | Paralysed by a hornet for 3 turns
 45229 | Lair:4   | Paralysed by a hornet for 3 turns
 46287 | Swamp:1  | Reached skill level 14 in Spellcasting
 46846 | Swamp:2  | Noticed a tentacled monstrosity
 46862 | Swamp:1  | Killed a tentacled monstrosity
 47395 | Swamp:1  | Reached skill level 10 in Fighting
 48288 | Swamp:2  | Noticed a thorn hunter
 48294 | Swamp:2  | Noticed a thorn hunter
 48337 | Swamp:2  | Noticed a thorn hunter
 48464 | Swamp:2  | Killed a thorn hunter
 48594 | Swamp:2  | Noticed a thorn hunter
 48673 | Swamp:2  | Killed a thorn hunter
 48680 | Swamp:2  | Killed a thorn hunter
 48680 | Swamp:2  | Reached XP level 16. HP: 136/136 MP: 12/39
 50968 | Swamp:2  | Paralysed by a hornet for 3 turns
 51037 | Swamp:3  | Paralysed by a hornet for 1 turns
 51220 | Swamp:3  | Reached skill level 15 in Spellcasting
 51261 | Swamp:3  | Identified a scroll of acquirement
 52344 | Swamp:4  | Entered Level 4 of the Swamp
 54833 | Swamp:4  | Noticed the 27-headed Lernaean hydra
 55608 | Swamp:3  | Got a shimmering helmet
 55619 | Swamp:3  | Identified the +0 helmet of Analysis {Dex+3} (You acquired
                  | it on level 3 of the Swamp)
 56381 | Swamp:4  | Got a decaying rune of Zot
 56424 | Swamp:4  | Killed the 27-headed Lernaean hydra
 56611 | Snake:1  | Entered Level 1 of the Snake Pit
 56612 | Snake:1  | Upgraded the game from 0.23-a0-180-ga5275e7ff7 to
                  | 0.23-a0-181-g24f899ac9f
 57721 | Snake:1  | Reached XP level 17. HP: 149/149 MP: 33/42
 58401 | Snake:2  | Reached skill level 16 in Spellcasting
 58411 | Snake:2  | Learned a level 7 spell: Spellforged Servitor
 58631 | Snake:2  | Reached skill level 1 in Summonings
 59675 | Snake:2  | HP: 7/150 [black mamba (10)]
 59675 | Snake:2  | HP: 1/150 [anaconda (6)]
 59680 | Snake:1  | HP: 3/225 [anaconda (4)]
 61064 | D:6      | Bought +0 pearl dragon scales for 1200 gold pieces
 62218 | Snake:3  | Reached skill level 5 in Summonings
 62563 | Snake:3  | Reached skill level 1 in Armour
 63444 | Snake:4  | Entered Level 4 of the Snake Pit
 65699 | Snake:4  | Reached skill level 5 in Armour
 68439 | Snake:4  | Reached XP level 18. HP: 160/160 MP: 31/43
 71492 | Snake:4  | Got a serpentine rune of Zot
 71941 | Vaults:1 | Entered Level 1 of the Vaults
 72977 | Vaults:1 | Reached skill level 10 in Armour
 73458 | Vaults:1 | Found Osenoh's Distillery.
 73466 | Vaults:1 | Bought a potion of heal wounds for 100 gold pieces
 73466 | Vaults:1 | Bought 2 potions of resistance for 400 gold pieces
 76769 | Vaults:2 | Noticed a lich
 76785 | Vaults:1 | Killed a lich
 77441 | Vaults:2 | Reached skill level 10 in Summonings
 77689 | Vaults:2 | Found a staircase to the Crypt.
 77833 | Vaults:2 | Reached XP level 19. HP: 138/167 MP: 10/44
 80488 | Vaults:2 | Upgraded the game from 0.23-a0-181-g24f899ac9f to
                  | 0.23-a0-182-g58cdd98f8d
 86517 | Vaults:4 | Reached XP level 20. HP: 174/174 MP: 19/46
 87514 | Vaults:4 | Found a runed gate.
 87514 | Vaults:4 | Found a runed gate.
 87514 | Vaults:4 | Found a runed gate.
 87804 | Vaults:4 | Noticed Vigato's ghost (adept MiFi)
 88951 | Vaults:4 | Reached skill level 17 in Spellcasting
 90256 | Vaults:4 | Found a roughly hewn altar of Beogh.
 90561 | Elf:1    | Entered Level 1 of the Elven Halls
 90598 | Elf:1    | Found a ruined gateway.
 90780 | Elf:1    | Noticed Kirke
 90788 | Elf:1    | Killed Kirke
 91866 | Elf:1    | Reached skill level 15 in Summonings
 92090 | Elf:2    | Found Ifosk's Weapon Boutique.
 92273 | Elf:2    | Learned a level 6 spell: Deflect Missiles
 92312 | Elf:2    | Learned a level 6 spell: Iron Shot
 92326 | Elf:2    | Found a runed gate.
 92326 | Elf:2    | Found a runed gate.
 92327 | Elf:2    | Found a runed gate.
 92392 | Elf:2    | Found Vetruwora's Assorted Antiques.
 92402 | Elf:2    | Reached skill level 1 in Long Blades
 92792 | Elf:2    | Found Inurony's Armour Emporium.
 92918 | Elf:2    | Found Lux Fimu's Assorted Antiques.
 92921 | Elf:2    | Bought a gnarled jewelled staff for 384 gold pieces
 92921 | Elf:2    | Bought a scroll of teleportation for 96 gold pieces
 93046 | Elf:3    | Entered Level 3 of the Elven Halls
 93262 | Elf:3    | Reached skill level 1 in Staves
 94036 | Elf:3    | Reached skill level 1 in Air Magic
 95424 | Elf:3    | Reached skill level 5 in Air Magic
 95572 | Elf:2    | Reached XP level 21. HP: 154/181 MP: 19/49
 95913 | Elf:3    | Identified the ring "Oruwk" {Wiz rElec Str+5 Int+3 SInv}
                  | (You took it off a deep elf blademaster on level 3 of the
                  | Elven Halls)
 95927 | Elf:3    | Got a smoking graven amulet
 95928 | Elf:3    | Identified the amulet of Alecigie {+Rage MR+} (You acquired
                  | it on level 3 of the Elven Halls)
 95930 | Elf:3    | Identified the +4 chain mail of Cuasafivui {Dex+2 SInv}
                  | (You took it off a deep elf blademaster on level 3 of the
                  | Elven Halls)
 96084 | Elf:3    | Identified the amulet of Existentialism {Spirit rElec rN+
                  | MP-9 Dex+6} (You took it off a deep elf death mage on level
                  | 3 of the Elven Halls)
 96149 | Elf:3    | Identified the +2 cloak "Xofayqe" {*Corrode rPois Regen+
                  | SInv} (You found it on level 3 of the Elven Halls)
 96254 | Elf:3    | Identified Sif Muna's Reference Book on Floating
                  | Transmigration
 96299 | Elf:3    | Learned a level 2 spell: Swiftness
 96304 | Elf:3    | Learned a level 4 spell: Airstrike
 96783 | Depths:1 | Entered Level 1 of the Depths
 96950 | Orc:2    | Bought a book of Flames for 455 gold pieces
 96956 | Orc:2    | Learned a level 5 spell: Fireball
 96960 | Orc:2    | Bought a ration for 65 gold pieces
 96960 | Orc:2    | Bought a ration for 65 gold pieces
 96960 | Orc:2    | Bought a ration for 65 gold pieces
 96960 | Orc:2    | Bought a ration for 65 gold pieces
 96960 | Orc:2    | Bought a ration for 65 gold pieces
 97138 | Depths:1 | Found an iron altar of Okawaru.
 97902 | D:15     | Reached skill level 18 in Spellcasting
 98446 | Depths:1 | Identified the cursed +0 robe of the Thinker {rN+} (You
                  | found it on level 1 of the Depths)
 98545 | Depths:1 | Found Ugur's Antique Weapon Emporium.
 99163 | Depths:1 | Found a gateway to Hell.
 99583 | Depths:1 | Found a one-way gate leading to the halls of Pandemonium.
 99798 | Depths:1 | Found a portal to a secret trove of treasure.
100383 | Depths:2 | Reached skill level 10 in Air Magic
100692 | Depths:2 | Noticed a caustic shrike
100728 | Depths:1 | a caustic shrike changed into an iron dragon
100737 | Depths:1 | Noticed a golden dragon
100737 | Depths:1 | an iron dragon changed into a golden dragon
100742 | Depths:1 | Killed a golden dragon
101505 | Depths:2 | Identified Sif Muna's Tome of Frigorific Malediction
101515 | Depths:2 | Reached skill level 1 in Charms
102298 | Depths:2 | Reached skill level 1 in Shields
103201 | Depths:3 | Reached skill level 5 in Charms
103405 | Depths:3 | Reached XP level 22. HP: 164/189 MP: 6/50
104184 | Depths:3 | Found a runed door.
104528 | Depths:3 | Reached skill level 5 in Stealth
104750 | Depths:3 | Noticed a caustic shrike
104758 | Depths:3 | Killed a caustic shrike
105807 | Depths:3 | Found the +7 sceptre of Torment
105880 | Depths:3 | Reached skill level 5 in Long Blades
105902 | Depths:3 | Got a smoking jade ring
106487 | Depths:3 | Noticed P0WERM0DE's ghost (adept DDFi)
106488 | Depths:3 | Found Lour's Gadget Boutique.
106488 | Depths:3 | Found Agen's Jewellery Emporium.
106500 | Depths:3 | Killed P0WERM0DE's ghost
106513 | Depths:3 | Identified the ring "Zom Peg" {rPois rC+ rN+ Int-4} (You
                  | took it off a spriggan berserker on level 3 of the Depths)
106526 | Depths:3 | Found Fuet's Gadget Boutique.
106548 | Depths:3 | Bought a cursed amulet of inaccuracy for 40 gold pieces
106577 | Depths:3 | Found a gateway to a ziggurat.
107712 | Depths:4 | Found a one-way gate to the infinite horrors of the Abyss.
108104 | Depths:4 | Noticed a juggernaut
108111 | Depths:4 | Killed a juggernaut
108830 | Depths:4 | Noticed an ancient lich
109007 | Depths:4 | Reached skill level 15 in Fighting
109497 | Depths:5 | Entered Level 5 of the Depths
110448 | Depths:5 | Reached XP level 23. HP: 182/199 MP: 34/51
111167 | Depths:5 | Found Qythrom's Food Shop.
111223 | Depths:5 | Found Ysoll's Assorted Antiques.
111232 | Depths:5 | Bought a scroll of teleportation for 93 gold pieces
111232 | Depths:5 | Bought a slimy steel ring for 155 gold pieces
111243 | Depths:5 | Identified the ring of Vehumet's Delight {AC+4 Str+4} (You
                  | bought it in a shop on level 5 of the Depths)
111672 | Depths:5 | Identified the +4 ring mail "Soummuala" {Int+7} (You took
                  | it off a tengu warrior on level 5 of the Depths)
111740 | Depths:5 | Reached skill level 10 in Long Blades
111776 | Depths:5 | Noticed Xtahua
111780 | Depths:5 | Killed Xtahua
112661 | Depths:5 | Found a gate to the Realm of Zot.
112916 | Depths:5 | Noticed a juggernaut
112937 | Depths:5 | Killed a juggernaut
113053 | Depths:5 | Found a corrupted altar of Lugonu.
113514 | Vaults:3 | Killed Vigato's ghost
114258 | Depths:1 | Upgraded the game from 0.23-a0-182-g58cdd98f8d to
                  | 0.23-a0-183-gf37f6fb109
114265 | Depths:1 | Learned a level 6 spell: Freezing Cloud
114539 | Slime:1  | Entered Level 1 of the Pits of Slime
115176 | Slime:1  | Reached skill level 10 in Dodging
115485 | Slime:4  | Gained mutation: Armour fits poorly on your strangely
                  | shaped body. [a shining eye]
115486 | Slime:4  | Gained mutation: Your body sometimes deteriorates upon
                  | taking damage. [a shining eye]
115527 | Slime:5  | Entered Level 5 of the Pits of Slime
115535 | Slime:5  | Gained mutation: You occasionally shout uncontrollably at
                  | your foes. [a shining eye]
115546 | Slime:4  | Lost mutation: Armour fits poorly on your strangely shaped
                  | body. [potion of mutation]
115546 | Slime:4  | Lost mutation: Your body sometimes deteriorates upon taking
                  | damage. [potion of mutation]
115546 | Slime:4  | Lost mutation: You occasionally shout uncontrollably at
                  | your foes. [potion of mutation]
115546 | Slime:4  | Gained mutation: You occasionally shout uncontrollably at
                  | your foes. [potion of mutation]
115546 | Slime:4  | Gained mutation: You are covered in fur. (AC +1) [potion of
                  | mutation]
116071 | Slime:5  | Noticed the Royal Jelly
116083 | Slime:5  | Killed the Royal Jelly
116762 | Slime:4  | Gained mutation: You are clumsy. (Dex -2) [a shining eye]
117569 | Slime:5  | Found the +2 hat of the Bear Spirit {Spirit, +Rage rN+
                  | MR++}
117623 | Slime:5  | Learned a level 2 spell: Blink
117641 | Slime:5  | Got a slimy amber ring
117699 | Slime:5  | Got a slimy rune of Zot
117715 | Slime:5  | Identified the ring of Potz {+Inv rElec rPois Int+2 Stlth-}
                  | (You found it on level 5 of the Pits of Slime)
117730 | Slime:5  | Got a slimy scale mail
117741 | Slime:5  | Identified the cursed +0 scale mail of Somewhere Else {+Inv
                  | rN++ rCorr Stlth+} (You found it on level 5 of the Pits of
                  | Slime)
117819 | Lair:6   | Lost mutation: You are covered in fur. (AC +1) [potion of
                  | mutation]
117819 | Lair:6   | Lost mutation: You occasionally shout uncontrollably at
                  | your foes. [potion of mutation]
117819 | Lair:6   | Lost mutation: You are clumsy. (Dex -2) [potion of
                  | mutation]
117819 | Lair:6   | Gained mutation: You have large cloven feet. [potion of
                  | mutation]
117819 | Lair:6   | Gained mutation: You have supernaturally acute eyesight.
                  | (SInv) [potion of mutation]
118182 | Zot:1    | Entered Level 1 of the Realm of Zot
119144 | Zot:1    | Found a runed door.
119150 | Zot:1    | Noticed Siennil's ghost (legendary MfGl)
120023 | Zot:2    | Reached XP level 24. HP: 103/207 MP: 3/51
122402 | Zot:2    | Got a warped amber ring
124360 | Zot:3    | Found the +10 large shield of Ignorance {rN+ Int-4}
124401 | Zot:3    | Identified the ring "Laure" {rF+ SInv} (You took it off a
                  | draconian shifter on level 2 of the Realm of Zot)
124407 | Zot:3    | Noticed an orb of fire
124409 | Zot:3    | Gained mutation: You are frail. (-10% HP) [an orb of fire]
124411 | Zot:3    | Killed an orb of fire
124700 | Zot:4    | Noticed an orb of fire
124704 | Zot:4    | Gained mutation: You are very frail. (-20% HP) [an orb of
                  | fire]
124704 | Zot:4    | Killed an orb of fire
125292 | Zot:4    | Lost mutation: You have supernaturally acute eyesight.
                  | (SInv) [potion of mutation]
125292 | Zot:4    | Lost mutation: You are very frail. (-20% HP) [potion of
                  | mutation]
125292 | Zot:4    | Lost mutation: You are frail. (-10% HP) [potion of
                  | mutation]
125292 | Zot:4    | Gained mutation: Your body sometimes deteriorates upon
                  | taking damage. [potion of mutation]
125292 | Zot:4    | Gained mutation: You have a pair of small horns on your
                  | head. [potion of mutation]
127222 | Zot:4    | Reached XP level 25. HP: 176/215 MP: 31/51
128076 | Zot:5    | Entered Level 5 of the Realm of Zot
128908 | Zot:5    | Noticed an ancient lich
129041 | Zot:5    | Killed an ancient lich
129181 | Zot:5    | Learned a level 6 spell: Bolt of Fire
129188 | Zot:5    | Learned a level 6 spell: Shadow Creatures
129357 | Zot:5    | Reached skill level 1 in Earth Magic
129471 | Zot:5    | Noticed an orb of fire
129482 | Zot:5    | Killed an orb of fire
131408 | Crypt:1  | Entered Level 1 of the Crypt
131997 | Crypt:1  | Learned a level 3 spell: Regeneration
133180 | Crypt:2  | Reached skill level 5 in Earth Magic
133181 | Crypt:2  | Noticed Margery
133315 | Crypt:2  | Killed Margery
133881 | Crypt:3  | Entered Level 3 of the Crypt
133910 | Crypt:3  | Reached skill level 1 in Necromancy
134464 | Crypt:3  | Got a translucent pewter ring
134600 | Crypt:3  | Noticed an ancient lich
134644 | Crypt:3  | Killed an ancient lich
134644 | Crypt:3  | Reached skill level 5 in Necromancy
134997 | Crypt:3  | Reached XP level 26. HP: 232/232 MP: 37/51
135044 | Crypt:3  | Found a basalt altar of Yredelemnul.
135090 | Crypt:3  | Identified the ring "Opromo" {rElec rF++ rN+} (You took it
                  | off a skeletal warrior on level 3 of the Crypt)
135091 | Crypt:3  | Got a fine robe
135102 | Crypt:3  | Identified the cursed +0 robe "Rikhlyx" {MR+ Int+5} (You
                  | found it on level 3 of the Crypt)
135141 | Crypt:3  | Found a staircase to the Tomb.
135458 | Crypt:3  | Got a twitching silver ring
135462 | Crypt:3  | Identified the ring "Golaf" {rF+ rC+ rN+ Str+4 Int-4} (You
                  | took it off a necromancer on level 3 of the Crypt)
135525 | Crypt:3  | Got an ancient wooden ring
135527 | Crypt:3  | Identified the ring of the Establishment {rN+ Str-3 Dex+4
                  | SInv} (You found it on level 3 of the Crypt)
135816 | Depths:4 | Voluntarily entered the Abyss.
136401 | Abyss:1  | Found a corrupted altar of Lugonu.
137401 | Abyss:2  | Found a corrupted altar of Lugonu.
137410 | Abyss:2  | Paralysed by you for 4 turns
137515 | Abyss:2  | Paralysed by accursed screaming for 1 turns
137557 | Abyss:2  | Found a shattered altar of Ashenzari.
137908 | Abyss:2  | Found a corrupted altar of Lugonu.
138155 | Abyss:3  | Found a corrupted altar of Lugonu.
138627 | Abyss:3  | Gained mutation: You tend to lose your temper in combat. [a
                  | neqoxec]
138631 | Abyss:3  | Gained mutation: You do not regenerate when monsters are
                  | visible. [a neqoxec]
138692 | Depths:4 | Escaped the Abyss
139098 | Depths:4 | Voluntarily entered the Abyss.
139140 | Abyss:1  | Reached skill level 19 in Spellcasting
139176 | Abyss:2  | Lost mutation: You have large cloven feet. [potion of
                  | mutation]
139176 | Abyss:2  | Lost mutation: You have a pair of small horns on your head.
                  | [potion of mutation]
139176 | Abyss:2  | Gained mutation: You have large cloven feet. [potion of
                  | mutation]
139176 | Abyss:2  | Gained mutation: You are somewhat resistant to further
                  | mutation. [potion of mutation]
139177 | Abyss:2  | Lost mutation: You tend to lose your temper in combat.
                  | [potion of mutation]
139177 | Abyss:2  | Lost mutation: You are somewhat resistant to further
                  | mutation. [potion of mutation]
139177 | Abyss:2  | Lost mutation: You have large cloven feet. [potion of
                  | mutation]
139177 | Abyss:2  | Lost mutation: Your body sometimes deteriorates upon taking
                  | damage. [potion of mutation]
139177 | Abyss:2  | Gained mutation: You are partially covered in slimy green
                  | scales. (AC +2) [potion of mutation]
139177 | Abyss:2  | Gained mutation: You have a pair of small antennae on your
                  | head. [potion of mutation]
139177 | Abyss:2  | Gained mutation: Your body sometimes deteriorates upon
                  | taking damage. [potion of mutation]
139177 | Abyss:2  | Gained mutation: You are resistant to electric shocks.
                  | (rElec) [potion of mutation]
139307 | Abyss:2  | Paralysed by accursed screaming for 1 turns
139464 | Abyss:2  | Gained mutation: You are frail. (-10% HP) [a neqoxec]
139653 | Abyss:2  | Found a corrupted altar of Lugonu.
139939 | Abyss:3  | Learned a level 1 spell: Apportation
140725 | Depths:4 | Escaped the Abyss
140934 | Depths:4 | Voluntarily entered the Abyss.
141391 | Abyss:2  | Found a corrupted altar of Lugonu.
141770 | Depths:4 | Escaped the Abyss
141923 | Depths:4 | Voluntarily entered the Abyss.
141923 | Abyss:1  | Found a corrupted altar of Lugonu.
141963 | Abyss:1  | Found a corrupted altar of Lugonu.
141969 | Abyss:1  | Paralysed by accursed screaming for 1 turns
142290 | Abyss:1  | Found a snail-covered altar of Cheibriados.
142321 | Abyss:1  | Found a snail-covered altar of Cheibriados.
142461 | Abyss:1  | Found an iron altar of Okawaru.
142467 | Abyss:1  | Found a corrupted altar of Lugonu.
142592 | Abyss:2  | Found a corrupted altar of Lugonu.
143045 | Abyss:3  | Reached skill level 20 in Spellcasting
143608 | Abyss:3  | Found a corrupted altar of Lugonu.
144776 | Abyss:3  | Reached skill level 10 in Stealth
144776 | Abyss:3  | Reached XP level 27. HP: 45/190 MP: 28/53
144883 | Abyss:3  | Found a sparkling altar of Nemelex Xobeh.
144888 | Abyss:3  | Found a corrupted altar of Lugonu.
144974 | Abyss:3  | Gained mutation: Scrolls take you a little longer to read.
                  | [a neqoxec]
144975 | Abyss:3  | Gained mutation: You are weak. (Str -2) [a neqoxec]
144983 | Abyss:3  | Gained mutation: Scrolls take you longer to read. [a
                  | neqoxec]
145112 | Abyss:3  | Found a corrupted altar of Lugonu.
145181 | Abyss:3  | Reached skill level 15 in Armour
145250 | Abyss:3  | Lost mutation: You are frail. (-10% HP) [potion of
                  | mutation]
145250 | Abyss:3  | Lost mutation: You are weak. (Str -2) [potion of mutation]
145250 | Abyss:3  | Lost mutation: Scrolls take you longer to read. [potion of
                  | mutation]
145250 | Abyss:3  | Gained mutation: You evolve. [potion of mutation]
145250 | Abyss:3  | Gained mutation: Your mind is acute. (Int +2) [potion of
                  | mutation]
145251 | Abyss:3  | Lost mutation: You evolve. [potion of mutation]
145251 | Abyss:3  | Lost mutation: You are resistant to electric shocks.
                  | (rElec) [potion of mutation]
145251 | Abyss:3  | Lost mutation: Your mind is acute. (Int +2) [potion of
                  | mutation]
145251 | Abyss:3  | Gained mutation: You are partially covered in molten
                  | scales. (AC +2) [potion of mutation]
145252 | Abyss:3  | Lost mutation: Your body sometimes deteriorates upon taking
                  | damage. [potion of mutation]
145252 | Abyss:3  | Lost mutation: Scrolls take you a little longer to read.
                  | [potion of mutation]
145252 | Abyss:3  | Gained mutation: You are frail. (-10% HP) [potion of
                  | mutation]
145252 | Abyss:3  | Gained mutation: You tend to lose your temper in combat.
                  | [potion of mutation]
145252 | Abyss:3  | Gained mutation: Your mind is acute. (Int +2) [potion of
                  | mutation]
145253 | Abyss:3  | Lost mutation: You are frail. (-10% HP) [potion of
                  | mutation]
145253 | Abyss:3  | Lost mutation: You are partially covered in molten scales.
                  | (AC +2) [potion of mutation]
145253 | Abyss:3  | Lost mutation: You tend to lose your temper in combat.
                  | [potion of mutation]
145253 | Abyss:3  | Gained mutation: Your muscles are strong. (Str +2) [potion
                  | of mutation]
145253 | Abyss:3  | Lost mutation: You have a pair of small antennae on your
                  | head. [potion of mutation]
145253 | Abyss:3  | Gained mutation: You are partially covered in icy blue
                  | scales. (AC +2) [potion of mutation]
145847 | Abyss:3  | Learned a level 5 spell: Borgnjor's Vile Clutch
146904 | Abyss:4  | Got an abyssal rune of Zot
146918 | Abyss:4  | HP: 7/238 [shambling mangrove (illusionary) (15)]
146937 | Abyss:4  | Found a corrupted altar of Lugonu.
146945 | Depths:4 | Escaped the Abyss
147373 | D:14     | Upgraded the game from 0.23-a0-183-gf37f6fb109 to
                  | 0.23-a0-204-g3eb00d1601
147843 | Zot:5    | Noticed an orb of fire
147852 | Zot:5    | Killed an orb of fire
148118 | Zot:5    | Noticed an orb of fire
148128 | Zot:5    | Killed an orb of fire
148306 | Zot:5    | Noticed an orb of fire
148314 | Zot:5    | Killed an orb of fire
148316 | Zot:5    | Noticed an orb of fire
148326 | Zot:5    | Lost mutation: Your mind is acute. (Int +2) [an orb of
                  | fire]
148328 | Zot:5    | Lost mutation: Your muscles are strong. (Str +2) [an orb of
                  | fire]
148329 | Zot:5    | Gained mutation: Scrolls take you a little longer to read.
                  | [an orb of fire]
148337 | Zot:5    | Killed an orb of fire
148933 | Zot:5    | Noticed an orb of fire
148938 | Zot:5    | Killed an orb of fire
149132 | Zot:5    | Noticed an ancient lich
149223 | Zot:5    | Killed an ancient lich
149564 | Zot:5    | Noticed an ancient lich
149567 | Zot:5    | Killed an ancient lich
149677 | Zot:5    | Lost mutation: Scrolls take you a little longer to read.
                  | [potion of mutation]
149677 | Zot:5    | Lost mutation: You do not regenerate when monsters are
                  | visible. [potion of mutation]
149677 | Zot:5    | Gained mutation: You are dopey. (Int -2) [potion of
                  | mutation]
149677 | Zot:5    | Gained mutation: You tend to lose your temper in combat.
                  | [potion of mutation]
149677 | Zot:5    | Lost mutation: You tend to lose your temper in combat.
                  | [potion of mutation]
149678 | Zot:5    | Got the Orb of Zot
150084 | D:12     | Noticed Unwuevoz the pandemonium lord
150087 | D:12     | Paralysed by a floating eye for 4 turns
150352 | D:$      | Escaped with the Orb!

Vault maps used:
D:1:      matt_arrival_refuge, solitary_fountain, grunt_decor_one_mirror
D:2:      uniq_crazy_yiuf_cottage, uniq_jessica
D:3:      grunt_temple_overflow_open, guppyfry_early_lair_pool
D:4:      minmay_wonky_spiral, minmay_temple_entry_purple_smoke,
          kennysheep_generic_room_3, uniq_natasha
D:5:      elyvilon_altar_1, first_ration, serial_shops, shop
D:6:      serial_shops, shop, kennysheep_doodads
D:7:      overflow_temple_1_default, grunt_qazlal_clouds, serial_shops,
          nicolae_shop_stone, grunt_ogre_cave, uniq_pikel
D:8:      grunt_temple_overflow_gold_and_silver, nicolae_overflow_crystal_walls,
          serial_shops, nicolae_shop_stone
D:9:      grunt_temple_overflow_champion_of_chaos, erik_lair_dragon
D:10:     nzn_motion_control, basic_altar
D:11:     zombieorc2_lemuel, enter_bailey_2, uniq_fannar, uniq_nergalle
D:12:     minmay_blocking_statues, serial_shops, shop
D:13:     ice2_lemuel, uniq_urug, uniq_rupert, uniq_maurice
D:14:     erik_vaults_2, tso_metal_star, uniq_agnes
D:15:     grunt_enter_depths_giant_problem, serial_bayou_lagoon_a,
          lemuel_angel_altar, uniq_azrael
Lair:1:   grunt_megastairs_2
Lair:2:   gammafunk_lair_bear_cave, grunt_megastairs_4
Lair:3:   guppyfry_snake_entry_island, grunt_megastairs_3, lemuel_fruit_tree,
          serial_bayou_shore_b, infiniplex_staircase_pool, serial_bayou_shore_a,
          uniq_gastronok, uniq_sonja
Lair:4:   minmay_swamp_entry_wisps, basic_altar, kennysheep_rathole,
          serial_bayou_shore_b, minmay_lair_oklob_chamber, serial_bayou_shore_b,
          infiniplex_staircase_pool_2
Lair:6:   evil_forest, nicolae_slime_entry_slimehenge
Swamp:1:  evilmike_swamp_ruin_house_5, swamp_pool3
Swamp:2:  nicolae_swamp_phyte_club, nicolae_swamp_little_tower, swamp_pool1
Swamp:3:  evilmike_swamp_ruin_wall
Swamp:4:  swamp_old_school, swamp_pool1, statue_in_the_mist_lemuel,
          nicolae_swamp_necromancer_hut
Snake:2:  serial_bayou_pond_d, evilmike_ambush, serial_bayou_shore_b
Snake:4:  snake_pit_salamanders_mu
Slime:2:  nicolae_slime_round_cave
Orc:1:    bloody_trog, uniq_harold
Orc:2:    grunt_orc_tribal_feast
Elf:1:    portal_desolation_entry_garden, minivault_28, uniq_kirke
Elf:2:    serial_shops, shop, nicolae_shop_window_shopping, shop,
          nicolae_shop_crystal
Elf:3:    elf_hall_gauntlet_narrow, minivault_24, moated_statue
Vaults:1: v_misc_9, vaults_dpeg_cross, v_misc_11, vaults_dpeg_spiral,
          nicolae_vaults_windows_and_doors_thing, vaults_room_door_hall,
          vaults_room_hallway, v_alt_pattern_1, ontoclasm_vaults_chip,
          hangedman_vaults_capsules, serial_shops, shop_fountains
Vaults:2: st_lattice, grunt_vaults_hallway_short, ontoclasm_vaults_twist,
          grunt_vaults_funnel, v_misc_23, v_misc_8,
          nicolae_vaults_border_crossing, minmay_crypt_entry_nasty_monster
Vaults:3: ontoclasm_vaults_idyll, grunt_vaults_focal, nicolae_vaults_alarming,
          grunt_vaults_swirl, vaults_mumra_chevron, vaults_mumra_bighexcomb,
          nicolae_vaults_diagonal_hallway_8, v_pattern_3, v_misc_22, v_misc_19,
          vaults_room_grunt_arrival_ludios, vaults_room_pools,
          nicolae_vaults_little_squares_4, v_alt_pattern_5
Vaults:4: biasface_vaults_ghost_orc_armoury, nicolae_vaults_diagonal_hallway_9,
          vaults_mumra_minichess, hangedman_vaults_unwind,
          nicolae_vaults_network_barrier, ontoclasm_vaults_pinch,
          hangedman_vaults_corner_blocks, v_alt_pattern_4, v_pattern_5,
          nicolae_vaults_circle_grid_b, vaults_room_pools, vaults_room_corners
Crypt:2:  minivault_14, minmay_misc_feat_columns,
          roderic_lattice_octagonal_star, uniq_margery
Crypt:3:  cryptofortress_bobbens
Depths:1: serial_shops, nicolae_shop_overgrown_old_shop,
          nicolae_trove_entry_diagonal, minmay_splitting_lines,
          grunt_hell_entry_dis_grunt, rand_demon_pan_entry_7,
          okawaru_ov_weapons_minmay
Depths:2: hangedman_crystal_crosses_colossus, serial_shops, hell_entry
Depths:3: kennysheep_large_vault, enter_ziggurat_a, grunt_hell_horde, pan_entry,
          ebering_ghost_reflecting_pool, eino_small_chamber_without_monster,
          serial_bayou_shore_b, minmay_shop_grove, minmay_staircase_bubble
Depths:4: evilmike_inaccessible_box, serial_sigils,
          serial_sigils_hangedman_clutch, serial_sigils_hangedman_scar,
          serial_sigils_hangedman_shear, serial_sigils_hangedman_shear,
          serial_sigils_hangedman_gut, abyss_entry,
          hangedman_decor_clover_reticule, hell_entry, abandoned_shop
Depths:5: grunt_zot_entry_tricorne, serial_shops, shop_statue, shop,
          abyss_entry_flame_altar, grunt_decor_cap, hell_entry, uniq_xtahua
Zot:1:    lemuel_draconian_sentries_small, ebering_ghost_inner_flame,
          amethyst_zot_foddershock
Zot:2:    kennysheep_spiral_hall, grunt_ministairs_3, st_large_dragon_hoard_4,
          lemuel_elevator
Zot:3:    hangedman_zot_decor_slant
Zot:4:    circus_mu, zot_minivault_5
Zot:5:    st_stairs_6, hangedman_zot_decor_unnerving_road, guppyfry_library_mini
Abyss:2:  evilmike_abyss_exit_glass, hangedman_stitches_earthworm,
          evilmike_abyss_exit_2
Abyss:3:  evilmike_abyss_exit_4, evilmike_abyss_exit_glass
Abyss:4:  bh_abyss_exit_choice, gammafunk_abyss_rune_reverse_zot,
          hangedman_abyss_or_decor_slice, hangedman_abyss_rune_flesh_and_stone,
          gammafunk_abyss_exit_x_factor, evilmike_abyss_exit_13, minivault_5,
          patterned_corridor, evilmike_abyss_exit_vortex, evilmike_abyss_exit_6

Skill      XL: |  1  2  3  4  5  6  7  8  9 10 11 12 13 14 15 16 17 18 19 20 21 22 23 24 25 26 27 |
---------------+----------------------------------------------------------------------------------+-----
Spellcasting   | 2 3 4 5 7 9 10 11 12 14 15 16 17 18 20 | 20.0
Conjurations   | 4 5 6 8 10 12 14 16 17 18 | 18.4
Fighting       | 3 5 8 10 13 14 15 16 17 18 | 18.0
Evocations     | 6 |  6.0
Dodging        | 2 7 12 14 | 14.0
Poison Magic   | 4 |  4.4
Summonings     | 7 10 13 15 | 15.1
Armour         | 7 10 13 14 17 | 17.3
Long Blades    | 1 9 11 14 | 14.0
Staves         | 2 |  2.5
Air Magic      | 5 11 12 14 | 14.9
Charms         | 5 6 |  6.0
Shields        | 4 |  4.0
Stealth        | 8 10 12 | 12.2
Earth Magic    | 5 |  5.0
Necromancy     | 5 9 |  9.5

Action                   |  1- 3 |  4- 6 |  7- 9 | 10-12 | 13-15 | 16-18 | 19-21 | 22-24 | 25-27 || total
-------------------------+-------+-------+-------+-------+-------+-------+-------+-------+-------++-------
Melee: Unarmed           |    16 |       |       |       |       |       |       |       |       ||    16
       Long sword        |       |    17 |    51 |   145 |   199 |    70 |    96 |       |       ||   578
       Scimitar          |       |       |       |       |       |       |    61 |   892 |  2394 ||  3347
       Staff             |       |       |       |       |       |       |    79 |     1 |       ||    80
       Headbutt          |       |       |       |       |       |       |       |    24 |   415 ||   439
       Demon blade       |       |       |       |       |       |       |       |       |    68 ||    68
Throw: Throwing net      |       |       |       |       |       |     4 |       |       |       ||     4
 Cast: Magic Dart        |    79 |   122 |   179 |   308 |   217 |     2 |       |       |       ||   907
       Searing Ray       |     2 |     8 |    35 |    90 |    19 |     3 |       |       |       ||   157
       Dazzling Spray    |       |     2 |     2 |       |       |       |       |       |       ||     4
       Iskenderun's Myst |       |       |    40 |   231 |   744 |   679 |   349 |       |       ||  2043
       Venom Bolt        |       |       |       |    32 |   117 |       |    21 |     2 |       ||   172
       Orb of Destructio |       |       |       |       |    38 |   363 |   434 |   438 |   220 ||  1493
       Spellforged Servi |       |       |       |       |       |       |    35 |   101 |   152 ||   288
       Iron Shot         |       |       |       |       |       |       |    60 |   100 |   126 ||   286
       Fireball          |       |       |       |       |       |       |    41 |    51 |    25 ||   117
       Deflect Missiles  |       |       |       |       |       |       |       |     8 |     5 ||    13
       Airstrike         |       |       |       |       |       |       |       |    33 |     2 ||    35
       Freezing Cloud    |       |       |       |       |       |       |       |    24 |     7 ||    31
       Blink             |       |       |       |       |       |       |       |     1 |     1 ||     2
       Shadow Creatures  |       |       |       |       |       |       |       |       |   122 ||   122
       Regeneration      |       |       |       |       |       |       |       |       |    58 ||    58
       Bolt of Fire      |       |       |       |       |       |       |       |       |     5 ||     5
       Apportation       |       |       |       |       |       |       |       |       |     1 ||     1
       Borgnjor's Vile C |       |       |       |       |       |       |       |       |     1 ||     1
Evoke: Wand              |       |       |       |    12 |     9 |    80 |    48 |     4 |    19 ||   172
       Phial of floods   |       |       |       |     1 |     2 |     4 |       |       |       ||     7
       Box of beasts     |       |       |       |       |     1 |     3 |       |       |       ||     4
       Lamp of fire      |       |       |       |       |       |     2 |     2 |       |       ||     4
       Phantom mirror    |       |       |       |       |       |       |       |     1 |       ||     1
  Use: Scroll            |       |     7 |     1 |    12 |    18 |    17 |    29 |    19 |    43 ||   146
       Potion            |       |       |       |       |    12 |    12 |     2 |     7 |    19 ||    52
 Stab: Distracted        |       |       |       |       |       |       |     3 |    22 |    33 ||    58
       Paralysed         |       |       |       |       |       |       |       |       |     5 ||     5
       Sleeping          |       |       |       |       |       |       |       |       |     2 ||     2
       Petrifying        |       |       |       |       |       |       |       |       |     1 ||     1
  Eat: Chunk             |     2 |     8 |    14 |    40 |    56 |    61 |   116 |    66 |    34 ||   397
       Ration            |       |     1 |     1 |     4 |    12 |    32 |     7 |    16 |    24 ||    97
Armor: Robe              |     7 |     1 |       |       |       |       |       |       |       ||     8
       Leather armour    |       |     5 |    55 |   151 |   222 |   202 |       |       |       ||   635
       Skin              |       |       |       |       |       |     8 |       |       |       ||     8
       Pearl dragon scal |       |       |       |       |       |       |   511 |   844 |  1226 ||  2581
Dodge: Dodged            |    23 |    26 |    89 |   375 |   590 |   399 |   472 |   799 |  1835 ||  4608
       Deflected         |       |       |       |       |       |       |       |    73 |    63 ||   136
Block: Other             |       |       |       |       |    15 |    78 |    96 |       |       ||   189
       Reflection        |       |       |       |       |       |    16 |    16 |    24 |    16 ||    72
       Buckler           |       |       |       |       |       |       |       |   485 |   949 ||  1434
       Rpst.: Long sword |       |     7 |    31 |   112 |   162 |    71 |    35 |       |       ||   418
       Scimitar          |       |       |       |       |       |       |    14 |   132 |   348 ||   494
       Demon blade       |       |       |       |       |       |       |       |       |     8 ||     8

Table legend:
 A = Non-vault XP
 B = Vault XP
 C = Vault XP percentage of total XP
 D = Non-vault monster count
 E = Vault monster count
 F = Vault count percentage of total count
                 A         B        C        D         E       F
            +---------+---------+-------+---------+---------+-------
      Total | 1153260 |  826124 |  41.7 |    2345 |     911 |  28.0
            +---------+---------+-------+---------+---------+-------
        D:1 |      29 |       0 |   0.0 |      20 |       0 |   0.0
        D:2 |     120 |      37 |  23.6 |      26 |       1 |   3.7
        D:3 |      89 |       0 |   0.0 |      29 |       0 |   0.0
        D:4 |      91 |     146 |  61.6 |      10 |       4 |  28.6
        D:5 |     361 |       0 |   0.0 |       5 |       0 |   0.0
        D:6 |     698 |       0 |   0.0 |      25 |       0 |   0.0
        D:7 |     403 |     790 |  66.2 |      14 |       2 |  12.5
        D:8 |     797 |       0 |   0.0 |      23 |       0 |   0.0
        D:9 |    2050 |    1357 |  39.8 |      27 |       7 |  20.6
       D:10 |    3765 |    1676 |  30.8 |      40 |       3 |   7.0
       D:11 |    5844 |    2555 |  30.4 |      28 |      37 |  56.9
       D:12 |   10038 |    5455 |  35.2 |      43 |      16 |  27.1
       D:13 |   11434 |    6970 |  37.9 |      43 |      14 |  24.6
       D:14 |   11053 |    8543 |  43.6 |      30 |      12 |  28.6
       D:15 |   24259 |    3491 |  12.6 |      51 |       5 |   8.9
     Lair:1 |    2660 |     878 |  24.8 |      13 |       3 |  18.8
     Lair:2 |    5608 |    1137 |  16.9 |      22 |       6 |  21.4
     Lair:3 |   10638 |    1788 |  14.4 |      26 |       8 |  23.5
     Lair:4 |    7848 |    1010 |  11.4 |      33 |      14 |  29.8
     Lair:5 |    8948 |       0 |   0.0 |      37 |       0 |   0.0
     Lair:6 |    9544 |    4794 |  33.4 |      35 |      21 |  37.5
    Swamp:1 |   14220 |       0 |   0.0 |      26 |       0 |   0.0
    Swamp:2 |   19439 |    9840 |  33.6 |      53 |       6 |  10.2
    Swamp:3 |   18950 |    1047 |   5.2 |      40 |       1 |   2.4
    Swamp:4 |   13590 |   19351 |  58.7 |      31 |      26 |  45.6
    Snake:1 |   10150 |     448 |   4.2 |      21 |       1 |   4.5
    Snake:2 |   12882 |   14471 |  52.9 |      20 |      20 |  50.0
    Snake:3 |   20244 |     412 |   2.0 |      39 |       1 |   2.5
    Snake:4 |   33874 |   47703 |  58.5 |      60 |      72 |  54.5
    Slime:1 |   18696 |       0 |   0.0 |      30 |       0 |   0.0
    Slime:2 |     408 |       0 |   0.0 |       2 |       0 |   0.0
    Slime:3 |    2637 |       0 |   0.0 |       8 |       0 |   0.0
    Slime:4 |    7941 |       0 |   0.0 |      10 |       0 |   0.0
    Slime:5 |   14730 |   13957 |  48.7 |      21 |       6 |  22.2
      Orc:1 |    1399 |     960 |  40.7 |      12 |       1 |   7.7
      Orc:2 |    1322 |    7701 |  85.3 |      21 |      30 |  58.8
      Elf:1 |    9392 |   10078 |  51.8 |      19 |      13 |  40.6
      Elf:2 |    9342 |   21348 |  69.6 |      24 |      32 |  57.1
      Elf:3 |   18217 |   42603 |  70.0 |      34 |      31 |  47.7
   Vaults:1 |   28372 |   16738 |  37.1 |      55 |      23 |  29.5
   Vaults:2 |   24879 |   21088 |  45.9 |      35 |      26 |  42.6
   Vaults:3 |   33819 |   27809 |  45.1 |      51 |      31 |  37.8
   Vaults:4 |   57007 |   27734 |  32.7 |      81 |      48 |  37.2
    Crypt:1 |   24802 |       0 |   0.0 |      47 |       0 |   0.0
    Crypt:2 |   25242 |    7166 |  22.1 |      44 |       7 |  13.7
    Crypt:3 |       0 |   51421 | 100.0 |       0 |      88 | 100.0
   Depths:1 |   29555 |    4808 |  14.0 |      36 |       7 |  16.3
   Depths:2 |    2847 |   64647 |  95.8 |       3 |      55 |  94.8
   Depths:3 |   53299 |   54177 |  50.4 |      75 |      56 |  42.7
   Depths:4 |   30865 |   26865 |  46.5 |      35 |      22 |  38.6
   Depths:5 |   52407 |   25455 |  32.7 |      52 |      16 |  23.5
      Zot:1 |   11047 |   16604 |  60.0 |       6 |       9 |  60.0
      Zot:2 |   35737 |   38213 |  51.7 |      30 |      27 |  47.4
      Zot:3 |   41375 |    4163 |   9.1 |      27 |       1 |   3.6
      Zot:4 |   71163 |   42718 |  37.5 |      45 |      30 |  40.0
      Zot:5 |   33437 |  151776 |  81.9 |      18 |      49 |  73.1
    Abyss:1 |   57544 |    3613 |   5.9 |     123 |       2 |   1.6
    Abyss:2 |   59331 |     852 |   1.4 |     173 |       1 |   0.6
    Abyss:3 |  116739 |    2277 |   1.9 |     319 |       9 |   2.7
    Abyss:4 |   20083 |    7454 |  27.1 |      39 |      11 |  22.0
            +---------+---------+-------+---------+---------+-------
